 Dungeon Crawl Stone Soup version 0.30-a0-222-ge547ba4400 (webtiles) character file.

Game seed: 10215367896504714193

1149 qw the Chopper (level 8, -2/49 HPs)
             Began as a Gargoyle Fighter on Oct 8, 2022.
             Slain by Pikel
             ... wielding a +2 whip of flaming
              (4 damage)
             ... on level 5 of the Dungeon.
             The game lasted 00:01:55 (4858 turns).

qw the Chopper (Gargoyle Fighter)                   Turns: 4858, Time: 00:01:55

Health: -2/49      AC: 15    Str: 22    XL:     8   Next: 38%
Magic:  8/8        EV:  7    Int:  9    God:
Gold:   300        SH:  9    Dex:  7    Spells: 7/7 levels left

rFire   . . .      SeeInvis .    Y - +0 war axe
rCold   + . .      Faith    .    c - +0 buckler
rNeg    + . .      Spirit   .    j - +1 chain mail {rF+}
rPois   inf        Reflect  +    (no helmet)
rElec   +          Harm     .    (no cloak)
rCorr   .          Rampage  .    (no gloves)
Will    .....                    (no boots)
Stlth   ..........               e - amulet of reflection
HPRegen 0.28/turn                k - ring of protection from cold
MPRegen 0.11/turn                (no ring)

@: about to teleport
A: sickness immunity, AC +5, negative energy resistance 1, electricity
resistance, torment resistance 1, petrification resistance, clumsy 1, heat
vulnerability 1
a: no special abilities


You were on level 5 of the Dungeon.
You visited 1 branch of the dungeon, and saw 5 of its levels.

You collected 300 gold pieces.


Innate Abilities, Weirdness & Mutations

You are immune to sickness and miasma.
Your stone body is resilient. (AC +5)
You are immune to poison.
You resist negative energy. (rN+)
You are resistant to electric shocks. (rElec)
You are resistant to unholy torment.
You are immune to petrification.
You are clumsy. (Dex -2)
You are vulnerable to heat. (rF-)


   Skills:
 - Level 5.0 Fighting
 + Level 7.7 Axes
 - Level 2.2 Throwing
 - Level 3.2 Armour
 - Level 1.5 Dodging
 - Level 3.2 Shields


You had 7 spell levels left.
You didn't know any spells.
Your spell library was empty.

Inventory:

Hand Weapons
 g - a +0 flail
 Y - a +0 war axe (weapon)
Armour
 c - a +0 buckler (worn)
 j - a +1 chain mail of fire resistance (worn)
Jewellery
 e - an amulet of reflection (around neck)
 k - a ring of protection from cold (left hand)
Scrolls
 a - a scroll of teleportation
 b - a scroll of magic mapping {unknown}
 h - 2 scrolls of identify
 l - a scroll of torment {unknown}
Potions
 d - a potion of might
 f - 3 potions of degeneration {unknown}
 i - 4 potions of curing
 m - a potion of cancellation
 o - a potion of brilliance {unknown}
 p - 2 potions of attraction {unknown}

Dungeon Overview and Level Annotations

Branches:
Dungeon (5/15)
 Temple: D:4-7

Altars:
Ashenzari

Shops:
D:2 [[[=:   D:5 ?

Annotations:
D:5 Pikel


Message History

Pikel hits you with a +2 whip of flaming.
Pikel burns you.
You barely miss Pikel.
Pikel is severely wounded.
Pikel closely misses you.
You barely miss Pikel.
Pikel is severely wounded.
Pikel hits you but does no damage. You block Pikel's attack.
You closely miss Pikel.
Pikel is severely wounded.
Pikel barely misses you.
You closely miss Pikel.
Pikel is severely wounded.
You block Pikel's attack.
You closely miss Pikel.
Pikel is severely wounded.
You block Pikel's attack.
You barely miss Pikel.
Pikel is severely wounded.
You block Pikel's attack.
You closely miss Pikel.
Pikel is severely wounded.
Pikel hits you with a +2 whip of flaming!
Pikel burns you.
4855 ||| READING 2 scrolls of teleportation.
As you read the scroll of teleportation, it crumbles to dust.
You feel strangely unstable. Pikel hits you but does no damage.
You hit Pikel.
Pikel is almost dead.
Pikel hits you but does no damage.
You closely miss Pikel.
Pikel is almost dead.
Pikel closely misses you.
You hit Pikel.
Pikel is almost dead.
Pikel hits you with a +2 whip of flaming.
Pikel burns you.
Pikel hits you with a +2 whip of flaming.
You die...

.8888..PP..# ####.#### ##.....
.......PP..# #.......## ##......
.......PP..###.##.#...####.......
..PPPPPPP................'.......
..PPPPPPP...##.##.#...####.......
............##.##..#.## ##......
...............###.#.# ##.....
#####.....##...###.#.# ##...#
#..##.##....@K5..# ##+##
#..##.##..####5### ######.#
#..##.##..# #.# ###......#
#.........# #.# #........## ##
#........## #5# #.#.###...# .#
#####.#### ##.## #.#.##..... .#
#.# #...###.#.###...#
.########.### #...(.....# #....
............# #...###5### #..##


You could see Pikel and 2 lemures.

Vanquished Creatures
  Menkaure (D:5)
  Edmund (D:4)
  An ice beast (D:5)
  An ogre (D:5)
  2 lemures (D:5)
  A phantom (D:4)
  A necrophage (D:4)
  2 scorpions
  A howler monkey (D:3)
  2 hounds
  2 gnoll boudas
  2 iguanas
  2 jellies
  An orc wizard (D:5)
  2 adders
  9 gnolls
  3 worms
  2 dart slugs
  8 orcs
  7 ball pythons
  5 bats
  3 endoplasms
  3 giant cockroaches
  8 goblins
  4 hobgoblins
  4 jackals (D:1)
  13 kobolds
  3 quokkas
  3 rats
97 creatures vanquished.

Vanquished Creatures (others)
  4 toadstools (D:1)
4 creatures vanquished.

Grand Total: 101 creatures vanquished

Notes
Turn   | Place    | Note
-------+----------+-------------------------------------------
     0 | D:1      | qw the Gargoyle Fighter began the quest for the Orb.
     0 | D:1      | Reached XP level 1. HP: 14/14 MP: 1/1
     0 | D:1      | 0 ||| qw: Version: 0.2-a-17-g79969f3
     0 | D:1      | 0 ||| qw: Game counter: 1978
     0 | D:1      | 0 ||| qw: Always use a shield: true
     0 | D:1      | 0 ||| qw: God list: Okawaru
     0 | D:1      | 0 ||| qw: Allow faded altars: false
     0 | D:1      | 0 ||| qw: Do Orc after D:15 true
     0 | D:1      | 0 ||| qw: Do second Lair branch before Depths: true
     0 | D:1      | 0 ||| qw: Lair rune preference: random
     0 | D:1      | 0 ||| qw: Plans: Normal, Zot:1-4, God:TSO, Crypt, Tomb,
                  | Pan, Slime:5, Hells, Abyss, Orb
     0 | D:1      | 0 ||| PLANNING D:1-11
   124 | D:1      | Reached skill level 2 in Axes
   202 | D:1      | 202 ||| Stepping ~*~*~tactically~*~*~ (stealth).
   204 | D:1      | Reached XP level 2. HP: 19/19 MP: 2/2
   261 | D:1      | Found a faded altar of an unknown god.
   366 | D:1      | 366 ||| Stepping ~*~*~tactically~*~*~ (stealth).
   475 | D:1      | Reached skill level 3 in Axes
   612 | D:1      | 612 ||| Stepping ~*~*~tactically~*~*~ (stealth).
   616 | D:1      | Reached XP level 3. HP: 23/23 MP: 3/3
   707 | D:1      | 707 ||| READING 2 scrolls labelled QOEMUMPUMPU.
   710 | D:1      | 710 ||| READING scroll labelled AZEGEO ROAWOVE.
   711 | D:1      | 711 ||| READING 2 scrolls labelled ZEDGHI UMNUNA.
   712 | D:1      | 712 ||| READING scroll labelled FYDITIEJO.
   813 | D:1      | 813 ||| READING 2 scrolls labelled DUETYTHR UWAOT.
   814 | D:1      | 814 ||| READING scroll labelled MYCVOPHI ZUNU.
   815 | D:1      | 815 ||| READING scroll labelled FEDOME XITH.
   816 | D:1      | 816 ||| DROPPING scroll of vulnerability.
   861 | D:2      | Found Godig's Armour Shop.
   869 | D:2      | 869 ||| SHOPLISTING +0 chain mail (58 gold, have 14).
   869 | D:2      | 869 ||| SHOPLISTING +0 helmet (58 gold, have 14).
   869 | D:2      | 869 ||| SHOPLISTING +0 helmet of see invisible (149 gold,
                  | have 14).
   883 | D:2      | Found Lenwoel's Armour Shoppe.
   892 | D:2      | 892 ||| SHOPLISTING +1 pair of gloves of hurling (181 gold,
                  | have 14).
   892 | D:2      | 892 ||| SHOPLISTING +2 pair of gloves (181 gold, have 14).
   892 | D:2      | 892 ||| SHOPLISTING +2 robe of Amorality {+Inv rC++ Regen+
                  | Dex+2} (510 gold, have 14).
   892 | D:2      | 892 ||| SHOPLISTING +4 plate armour of fire resistance (550
                  | gold, have 14).
  1098 | D:2      | Found Widoazeq's Book Boutique.
  1198 | D:2      | Found Dudwivut's Jewellery Boutique.
  1207 | D:2      | 1207 ||| SHOPLISTING +4 ring of evasion (396 gold, have
                  | 71).
  1207 | D:2      | 1207 ||| SHOPLISTING +6 ring of dexterity (396 gold, have
                  | 71).
  1207 | D:2      | 1207 ||| SHOPLISTING ring of fire (275 gold, have 71).
  1207 | D:2      | 1207 ||| SHOPLISTING ring of protection from fire (275
                  | gold, have 71).
  1207 | D:2      | 1207 ||| SHOPLISTING ring of willpower (275 gold, have 71).
  1403 | D:2      | Found Sigof's Antique Armour Shop.
  1412 | D:2      | 1412 ||| SHOPLISTING glowing chain mail (232 gold, have
                  | 91).
  1412 | D:2      | 1412 ||| SHOPLISTING steaming steam dragon scales (1395
                  | gold, have 91).
  1546 | D:2      | 1546 ||| UPGRADING to amulet of reflection.
  1551 | D:2      | 1551 ||| READING scroll labelled QIRAYTR YPEPN.
  1552 | D:2      | 1552 ||| READING scroll labelled DAARYL WIP.
  1553 | D:2      | 1553 ||| READING 2 scrolls of identify.
  1553 | D:2      | 1553 ||| IDENTIFYING metallic coppery potion
  1653 | D:3      | Reached XP level 4. HP: 18/28 MP: 4/4
  1694 | D:3      | 1694 ||| Stepping ~*~*~tactically~*~*~ (stealth).
  1712 | D:3      | 1712 ||| Stepping ~*~*~tactically~*~*~ (hiding).
  1714 | D:3      | Reached skill level 4 in Axes
  1773 | D:3      | 1773 ||| Stepping ~*~*~tactically~*~*~ (hiding).
  1786 | D:3      | Reached XP level 5. HP: 32/32 MP: 5/5
  2203 | D:3      | 2203 ||| UPGRADING to ring of protection from cold.
  2204 | D:3      | 2204 ||| READING scroll labelled AHIYRU IPUEC.
  2205 | D:3      | 2205 ||| READING scroll labelled BYAGRIG KAWN.
  2319 | D:4      | Noticed Edmund
  2343 | D:4      | HP: 8/32 [Edmund/+0 vorpal flail (5)]
  2344 | D:4      | 2344 ||| READING 3 scrolls of teleportation.
  2344 | D:4      | HP: 3/32 [Edmund/+0 vorpal flail (1)]
  2345 | D:4      | Killed Edmund
  2346 | D:4      | Reached skill level 5 in Axes
  2346 | D:4      | Reached XP level 6. HP: 3/37 MP: 6/6
  2757 | D:4      | Reached skill level 1 in Dodging
  2773 | D:4      | 2773 ||| Stepping ~*~*~tactically~*~*~ (hiding).
  2777 | D:4      | Reached XP level 7. HP: 43/43 MP: 7/7
  2786 | D:4      | Reached skill level 6 in Axes
  3546 | D:4      | 3546 ||| UPGRADING to +1 chain mail of fire resistance.
  3556 | D:4      | 3556 ||| DROPPING +0 scale mail.
  3557 | D:4      | 3557 ||| DRINKING 2 viscous yellow potions.
  3557 | D:4      | Gained mutation: You have hidden genetic defects. [potion
                  | of mutation]
  3558 | D:4      | 3558 ||| DRINKING 2 fuming blue potions.
  3585 | D:5      | Entered Level 5 of the Dungeon
  3616 | D:5      | Found a broken altar of Ashenzari.
  3706 | D:5      | Reached skill level 7 in Axes
  3718 | D:5      | Gained mutation: You are clumsy. (Dex -2) [hidden defects]
  3907 | D:5      | Noticed Menkaure
  3908 | D:5      | 3908 ||| Stepping ~*~*~tactically~*~*~ (hiding).
  3916 | D:5      | Killed Menkaure
  3917 | D:5      | Reached XP level 8. HP: 49/49 MP: 8/8
  3924 | D:5      | Gained mutation: You occasionally lose the ability to drink
                  | potions when taking damage. [hidden defects]
  3924 | D:5      | Lost mutation: You have hidden genetic defects. [hidden
                  | defects expressed]
  4017 | D:5      | 4017 ||| DRINKING potion of mutation.
  4017 | D:5      | Lost mutation: You are clumsy. (Dex -2) [potion of
                  | mutation]
  4017 | D:5      | Lost mutation: You occasionally lose the ability to drink
                  | potions when taking damage. [potion of mutation]
  4017 | D:5      | Gained mutation: You are clumsy. (Dex -2) [potion of
                  | mutation]
  4017 | D:5      | Gained mutation: You are vulnerable to heat. (rF-) [potion
                  | of mutation]
  4492 | D:5      | 4492 ||| Stepping ~*~*~tactically~*~*~ (stealth).
  4561 | D:5      | 4561 ||| FLEEEEING.
  4562 | D:5      | 4562 ||| FLEEEEING.
  4563 | D:5      | 4563 ||| FLEEEEING.
  4564 | D:5      | 4564 ||| FLEEEEING.
  4565 | D:5      | 4565 ||| Stepping ~*~*~tactically~*~*~ (stealth).
  4570 | D:5      | 4570 ||| Stepping ~*~*~tactically~*~*~ (stealth).
  4572 | D:5      | 4572 ||| Stepping ~*~*~tactically~*~*~ (hiding).
  4574 | D:5      | 4574 ||| Stepping ~*~*~tactically~*~*~ (hiding).
  4711 | D:5      | Found Biut's Magic Scroll Emporium.
  4711 | D:5      | Noticed Pikel
  4712 | D:5      | 4712 ||| Stepping ~*~*~tactically~*~*~ (stealth).
  4780 | D:5      | 4780 ||| Stepping ~*~*~tactically~*~*~ (stealth).
  4804 | D:5      | 4804 ||| FLEEEEING.
  4805 | D:5      | 4805 ||| FLEEEEING.
  4806 | D:5      | 4806 ||| FLEEEEING.
  4807 | D:5      | 4807 ||| FLEEEEING.
  4808 | D:5      | 4808 ||| FLEEEEING.
  4809 | D:5      | 4809 ||| FLEEEEING.
  4810 | D:5      | 4810 ||| FLEEEEING.
  4811 | D:5      | 4811 ||| FLEEEEING.
  4812 | D:5      | 4812 ||| FLEEEEING.
  4813 | D:5      | 4813 ||| FLEEEEING.
  4814 | D:5      | 4814 ||| FLEEEEING.
  4815 | D:5      | 4815 ||| FLEEEEING.
  4816 | D:5      | 4816 ||| FLEEEEING.
  4817 | D:5      | 4817 ||| FLEEEEING.
  4818 | D:5      | 4818 ||| FLEEEEING.
  4819 | D:5      | 4819 ||| FLEEEEING.
  4820 | D:5      | 4820 ||| FLEEEEING.
  4821 | D:5      | 4821 ||| FLEEEEING.
  4822 | D:5      | 4822 ||| FLEEEEING.
  4823 | D:5      | 4823 ||| FLEEEEING.
  4824 | D:5      | 4824 ||| FLEEEEING.
  4825 | D:5      | 4825 ||| FLEEEEING.
  4826 | D:5      | 4826 ||| FLEEEEING.
  4827 | D:5      | 4827 ||| FLEEEEING.
  4828 | D:5      | 4828 ||| FLEEEEING.
  4829 | D:5      | 4829 ||| FLEEEEING.
  4830 | D:5      | 4830 ||| FLEEEEING.
  4831 | D:5      | 4831 ||| FLEEEEING.
  4832 | D:5      | 4832 ||| FLEEEEING.
  4833 | D:5      | 4833 ||| FLEEEEING.
  4834 | D:5      | 4834 ||| FLEEEEING.
  4835 | D:5      | 4835 ||| FLEEEEING.
  4836 | D:5      | 4836 ||| FLEEEEING.
  4837 | D:5      | 4837 ||| FLEEEEING.
  4838 | D:5      | 4838 ||| FLEEEEING.
  4839 | D:5      | 4839 ||| FLEEEEING.
  4840 | D:5      | 4840 ||| FLEEEEING.
  4841 | D:5      | 4841 ||| FLEEEEING.
  4854 | D:5      | HP: 11/49 [Pikel/+2 whip of flaming (8)]
  4855 | D:5      | 4855 ||| READING 2 scrolls of teleportation.
  4858 | D:5      | HP: 4/49 [Pikel/+2 whip of flaming (6)]
  4858 | D:5      | Slain by Pikel

Levels and vault maps discovered:
D:1:      ldierk_walled_garden_2, layout_loops_ring,
          hellmonk_ecumenical_altar_leap_of_faith, due_unseen_surprise
D:2:      layout_basic, serial_shops, nicolae_shop_trees, nicolae_shop_trees,
          shop_statue, nicolae_shop_hallway_stairs, shop,
          minmay_misc_feat_encased
D:3:      layout_loops_ring
D:4:      minmay_chambers_of_threes, layout_basic, uniq_edmund
D:5:      layout_loops_corners, mainiacjoe_overflow_chevrons, serial_shops,
          shop, minmay_misc_feat_iff, uniq_menkaure, uniq_pikel

Skill      XL: |  1  2  3  4  5  6  7 |
---------------+----------------------+-----
Axes           | 2 3 4 5 7 |  7.7
Fighting       | 4 5 |  5.0
Dodging        | 1 |  1.5
Throwing       | 2 |  2.2
Armour         | |  3.2
Shields        | |  3.2

Action                   |  1- 3 |  4- 6 |  7- 9 || total
-------------------------+-------+-------+-------++-------
Melee: War axe           |    91 |    88 |   186 ||   365
Throw: Boomerang         |       |       |    26 ||    26
  Use: Scroll            |    10 |     3 |     1 ||    14
       Potion            |       |       |     3 ||     3
Armor: Scale mail        |    44 |    30 |    19 ||    93
       Chain mail        |       |       |    55 ||    55
Dodge: Dodged            |    37 |    32 |    38 ||   107
Block: Buckler           |    13 |    29 |    75 ||   117
       Reflection        |       |       |     1 ||     1

Table legend:
 A = Non-vault XP
 B = Vault XP
 C = Vault XP percentage of total XP
 D = Non-vault monster count
 E = Vault monster count
 F = Vault count percentage of total count
                 A         B        C        D         E       F
            +---------+---------+-------+---------+---------+-------
      Total |    1096 |     546 |  33.3 |      81 |      14 |  14.7
            +---------+---------+-------+---------+---------+-------
        D:1 |      41 |       0 |   0.0 |      23 |       0 |   0.0
        D:2 |      27 |       0 |   0.0 |      10 |       0 |   0.0
        D:3 |     147 |       0 |   0.0 |      11 |       0 |   0.0
        D:4 |     256 |     377 |  59.6 |      18 |      13 |  41.9
        D:5 |     625 |     169 |  21.3 |      19 |       1 |   5.0
            +---------+---------+-------+---------+---------+-------
